 Dungeon Crawl Stone Soup version 0.32-a0-7-ge934b4519a (webtiles) character file.

Game seed: 700274732804638946

666 Laraso the Slasher (level 7, 14/57 HPs)
             Began as a Black Draconian Monk on Jan 13, 2024.
             Was a Priest of Qazlal.
             Quit the game on level 6 of the Dungeon.
             The game lasted 00:03:34 (3347 turns).

Laraso the Slasher (Black Draconian Monk)           Turns: 3347, Time: 00:03:35

Health: 14/57      AC:  7    Str: 20    XL:     7   Next: 31%
Magic:  3/10       EV: 12    Int: 16    God:    Qazlal [***...]
Gold:   187        SH:  4    Dex: 15    Spells: 3/6 levels left

rFire   . . .        a - +1 falchion (drain)
rCold   . . .        c - orb {light}
rNeg    . . .        (body armour unavailable)
rPois   .            q - +1 hat {SInv}
rElec   +            (no cloak)
rCorr   .            (no gloves)
SInv    +            (no boots)
Will    .....        (no amulet)
Stlth   +            j - +6 ring of intelligence
HPRegen 0.29/turn    t - +6 ring of strength
MPRegen 0.12/turn

%: no passive effects
@: short of breath, glowing
A: breathe lightning, AC +6, unfitting armour, electricity resistance,
cold-blooded
a: Breathe Lightning, Renounce Religion, Upheaval, Elemental Force


You were on level 6 of the Dungeon.
You worshipped Qazlal.
Qazlal was most pleased with you.
You visited 1 branch of the dungeon, and saw 6 of its levels.

You collected 187 gold pieces.

Inventory:

Hand Weapons
 a - a +1 falchion of draining (weapon)
Missiles
 k - 2 datura-tipped darts (quivered)
 n - a throwing net
Armour
 c - an orb of light (worn)
 q - a +1 hat of see invisible (worn)
Jewellery
 j - a +6 ring of intelligence (left hand)
 p - a ring of ice
 t - a +6 ring of strength (right hand)
Scrolls
 f - a scroll of poison
 g - 2 scrolls of enchant weapon
Potions
 b - a potion of ambrosia
 d - 3 potions of haste {unknown}
 e - 4 potions of heal wounds
 h - a potion of lignification {unknown}
 l - a potion of curing {unknown}
 o - a potion of attraction {unknown}
 v - a potion of berserk rage {unknown}


   Skills:
 - Level 3.2 Fighting
 * Level 7.1 Long Blades
 - Level 2.6 Dodging
 - Level 5.0 Invocations


You had 3 spell levels left.
You knew the following spells:

 Your Spells              Type           Power      Damage    Failure   Level
a - Ozocubu's Armour      Ice            0%         N/A       58%         3

Your spell library contained the following spells:

 Spells                   Type           Power      Damage    Failure   Level
 Kiss of Death            Conj/Necr      0%         2d5       26%         1
 Sandblast                Erth           0%         2d4       26%         1
 Confusing Touch          Hex            0%         N/A       58%         3
 Passwall                 Erth           0%         N/A       58%         3
 Stone Arrow              Conj/Erth      0%         3d7       58%         3
 Brom's Barrelling Bould  Conj/Erth      0%         2d3       94%         4
 Dispel Undead            Necr           0%         3d6       94%         4
 Metabolic Englaciation   Hex/Ice        0%         N/A       100%        5
 Sculpt Simulacrum        Ice/Alch       0%         N/A       100%        6


Dungeon Overview and Level Annotations

Branches:
Dungeon (7/15)
 Temple: D:4-7

Altars:
Qazlal
The Shining One

Shops:
D:3 [


Innate Abilities, Weirdness & Mutations

You can breathe wild blasts of lightning.
Your glossy black scales are hard. (AC +6)
You cannot fit into any form of body armour.
You are resistant to electric shocks. (rElec)
You are cold-blooded and may be slowed by cold attacks.


Message History

The orb of electricity engulfs you! You resist.
The orb of electricity engulfs the hound.
You kill the hound!
Qazlal accepts your kill. x2
You feel a bit more experienced.
The orb of electricity engulfs the kobold!!
You kill the kobold!
Qazlal accepts your kill.
The orb of electricity engulfs the kobold brigand!!
You kill the kobold brigand!
Qazlal accepts your kill.
The orb of electricity engulfs the gnoll.
The gnoll is moderately wounded.
The orb of electricity explodes!
The orb of electricity engulfs the kobold!!
You kill the kobold!
Qazlal accepts your kill.
You hear a shout! x2
Training target 5.0 for Invocations reached!
Your Invocations skill increases to level 5!
You need to enable at least one skill for training.
You barely miss the gnoll.
Your tail-slap misses the gnoll.
The gnoll is moderately wounded.
The gnoll hits you with a +0 club!
* * * LOW HITPOINT WARNING * * *
You slash the gnoll!
You kill the gnoll!
Qazlal accepts your kill.
A gnoll comes into view. It is wielding a +0 whip.
An ufetubus comes into view.
You slash the kobold!
You kill the kobold!
Qazlal accepts your kill.
An adder comes into view.
You hit the gnoll but do no damage. You drain the gnoll.
You tail-slap the gnoll.
The gnoll is heavily wounded.
The gnoll hits you with a +0 whip.
* * * LOW HITPOINT WARNING * * *
Are you sure you want to abandon this character and quit the game? (Confirm with "yes".)

## .. #. .# #
##.## ##.# #.
...# ...
##.###..# ..
.....#..# .# ##.
##.#.#.)##.#.$...
#.....)Sg@...5...
#.....)g##.#####.
#$##.##.##...
#.K......#.###
#..#>##..#.# #
#K##..#.#
....K......g..#
............###
......####..g.g


You could see 2 gnolls, an adder and an ufetubus.

Vanquished Creatures
  2 phantoms (D:4)
  A kobold brigand (D:6)
  A bullfrog (D:6)
  A scorpion (D:6)
  A bombardier beetle (D:4)
  A hound (D:6)
  A sleepcap (D:4)
  Jessica (D:3)
  Natasha (thrice) (D:2)
  4 gnolls
  An adder (D:2)
  2 dart slugs
  A ribbon worm (D:2)
  7 orcs
  13 ball pythons
  6 bats
  7 endoplasms
  5 giant cockroaches
  A goblin (D:4)
  3 hobgoblins
  11 kobolds
  8 quokkas
  3 frilled lizards
  4 rats
88 creatures vanquished.

Notes
Turn   | Place    | Note
-------+----------+-------------------------------------------
     0 | D:1      | Laraso the Draconian Monk began the quest for the Orb.
     0 | D:1      | Reached XP level 1. HP: 19/19 MP: 1/1
   179 | D:1      | Reached XP level 2. HP: 26/26 MP: 2/2
   382 | D:1      | Reached skill level 4 in Long Blades
   687 | D:1      | Reached XP level 3. HP: 29/31 MP: 3/3
  1042 | D:2      | Found a faded altar of an unknown god.
  1076 | D:2      | Prayed at the altar of an unknown god.
  1076 | D:2      | Became a worshipper of Qazlal Stormbringer
  1076 | D:2      | Reached * piety under Qazlal
  1076 | D:2      | Reached ** piety under Qazlal
  1393 | D:2      | Identified the +7 dagger of the Girdle {flame, Dex+7}
  1417 | D:2      | Noticed Natasha
  1426 | D:2      | Killed Natasha
  1427 | D:2      | Reached skill level 5 in Long Blades
  1427 | D:2      | Reached XP level 4. HP: 26/38 MP: 4/4
  1451 | D:2      | Noticed Natasha
  1461 | D:2      | Killed Natasha
  1623 | D:2      | Noticed Natasha
  1627 | D:2      | Killed Natasha
  1740 | D:2      | Identified the +6 spear "Qyekiuff" {freeze, rC+ Str+2}
  1854 | D:3      | Reached *** piety under Qazlal
  1974 | D:3      | Reached XP level 5. HP: 44/45 MP: 5/5
  1984 | D:3      | Reached skill level 6 in Long Blades
  2225 | D:3      | Learned a level 3 spell: Ozocubu's Armour
  2249 | D:3      | Found a glowing golden altar of the Shining One.
  2373 | D:3      | Found Neithrol's Armour Boutique.
  2379 | D:3      | Noticed Jessica
  2386 | D:3      | Killed Jessica
  2609 | D:4      | Noticed a phantom
  2642 | D:4      | Killed a phantom
  2643 | D:4      | Reached XP level 6. HP: 34/51 MP: 6/6
  2824 | D:4      | Reached skill level 7 in Long Blades
  2824 | D:4      | Reached skill level 1 in Invocations
  3300 | D:4      | You fall into a shaft and drop 3 floors!
  3342 | D:6      | Your scales start taking on a glossy black colour.
  3342 | D:6      | Reached XP level 7. HP: 33/57 MP: 3/10
  3342 | D:6      | Gained mutation: You are resistant to electric shocks.
                  | (rElec) [Black Draconian growth]
  3343 | D:6      | Reached skill level 5 in Invocations
  3347 | D:6      | Quit the game

Illustrated notes

Levels and vault maps discovered:
D:1:      orjb1_lava_funnel, layout_loops_corners, minmay_bisected
D:2:      layout_basic, ebering_ecumenical_altar_abandoned, hex_tiny,
          supply_closet_lemuel, minmay_pentomino_s4, uniq_natasha
D:3:      layout_loops_cross, mainiacjoe_overflow_concentric_impassable,
          serial_shops, shop, st_stairs_1, reono_crystal_passage, uniq_jessica
D:4:      layout_loops_ring, lightli_minifort
D:6:      layout_loops_cross, gammafunk_temple_overflow_elements,
          lemuel_round_altar, serial_shops, nicolae_shop_back_alley_shop,
          uniq_maggie
D:7:      layout_layer_cave, serial_shops, shop, due_unseen_surprise,
          uniq_jeremiah

Skill      XL: |  1  2  3  4  5  6  7 |
---------------+----------------------+-----
Long Blades    | 4 5 6 7 |  7.1
Invocations    | 4 5 |  5.0
Fighting       | |  3.2
Dodging        | |  2.6

Action                     |  1- 3 |  4- 6 |  7- 9 || total
---------------------------+-------+-------+-------++-------
  Melee: Falchion          |    71 |   120 |     4 ||   195
         Tailslap          |    13 |    19 |     1 ||    33
 Invoke: Upheaval          |       |     2 |       ||     2
Ability: Breathe Lightning |       |       |     1 ||     1
    Use: Scroll            |       |     9 |       ||     9
 Armour: Skin              |    40 |    77 |     3 ||   120
  Dodge: Dodged            |    46 |    53 |       ||    99

Table legend: (Time is in decaauts)
 A = Elapsed time spent in this place.
 B = Non-inter-level travel time spent in this place.
 C = Inter-level travel time spent in this place.
 D = Time resting spent in this place.
 E = Time spent auto-exploring this place.
 F = Levels seen in this place.
 G = Mean time per level.
                   A        B        C        D        E       F      G
               +--------+--------+--------+--------+--------+-----+--------+
         Total |   3360 |   3279 |     81 |    164 |   2585 |   6 |  560.0 |
       Dungeon |   3360 |   3279 |     81 |    164 |   2585 |   6 |  560.0 |
               +--------+--------+--------+--------+--------+-----+--------+

Top non-repeatable levels by time:
     D:2: 941 daAuts
     D:1: 900 daAuts
     D:4: 807 daAuts
     D:3: 664 daAuts
     D:6: 26 daAuts
     D:7: 19 daAuts
